General information
- name: BNet
- type: Ladder team game (AT/RT)
- host: Battle.net
- saver: chief_clausely
map: Monsoon
- players: 6
- length: 50:05
- speed: Fast
- version: 1.27 W3XP
- replay type:

» download(426 KB)
Players
team 1 (winner)
chief_clausely (
pink | 125 APM | 6285 actions | 50:05)
6 Archmage
3 Blizzard
3 Brilliance Aura
6 Blood Mage
3 Flame Strike
2 Siphon Mana
1 Summon Phoenix
6 Goblin Tinker
3 Cluster Rockets
3 Engineering Upgrade
» actions
| Assign group hotkey | 301 | |
| Basic commands | 78 | |
| Build / train | 114 | |
| Enter build submenu | 87 | |
| Enter hero's abilities submenu | 18 | |
| Give item / drop item | 11 | |
| Right click | 3048 | |
| Select / deselect | 575 | |
| Select group hotkey | 1625 | |
| Use ability | 427 | |
6285 total
» units
» upgrades
| Masonry | 3 | |
| Lumber Harvesting | 2 | |
| Magic Sentry | 1 | |
6 total
» buildings
| Altar of Kings | 2 | |
| Farm | 4 | |
| Lumber Mill | 1 | |
| Scout Tower | 80 | |
| Arcane Tower | 11 | |
| Guard Tower | 36 | |
| Keep | 2 | |
| Arcane Vault | 3 | |
| Castle | 2 | |
| Arcane Sanctum | 1 | |
| Town Hall | 1 | |
143 total
» build order
00:08 Altar of Kings
00:15 Farm
00:51 Lumber Mill
00:56 Scout Tower
00:59 Scout Tower
01:05 Farm
01:20 Scout Tower
01:23 Scout Tower
01:25 Arcane Tower
01:30 Arcane Tower
01:40 Scout Tower
01:45 Scout Tower
01:46 Scout Tower
02:10 Guard Tower
02:12 Guard Tower
02:23 Guard Tower
02:24 Scout Tower
02:25 Scout Tower
02:54 Guard Tower
02:55 Scout Tower
02:56 Scout Tower
03:22 Guard Tower
03:47 Keep
03:51 Guard Tower
03:52 Scout Tower
03:52 Scout Tower
03:59 Guard Tower
04:00 Scout Tower
04:01 Scout Tower
04:06 Arcane Vault
04:46 Guard Tower
04:47 Arcane Vault
04:50 Scout Tower
04:51 Scout Tower
05:07 Guard Tower
05:09 Scout Tower
05:10 Scout Tower
05:10 Scout Tower
05:11 Scout Tower
05:48 Guard Tower
05:49 Scout Tower
05:53 Scout Tower
05:55 Scout Tower
06:18 Farm
06:19 Castle
06:21 Arcane Sanctum
06:25 Guard Tower
06:30 Arcane Tower
06:33 Scout Tower
06:48 Guard Tower
07:36 Farm
07:40 Guard Tower
07:42 Scout Tower
07:43 Scout Tower
07:44 Scout Tower
07:45 Scout Tower
07:46 Scout Tower
07:52 Scout Tower
07:54 Scout Tower
07:54 Scout Tower
07:57 Scout Tower
07:58 Scout Tower
08:00 Scout Tower
08:24 Arcane Tower
09:09 Scout Tower
09:09 Scout Tower
09:42 Guard Tower
09:43 Scout Tower
09:44 Scout Tower
09:47 Guard Tower
10:06 Guard Tower
10:09 Scout Tower
10:10 Scout Tower
10:11 Guard Tower
10:36 Guard Tower
10:54 Guard Tower
10:59 Scout Tower
11:00 Scout Tower
11:05 Scout Tower
11:06 Scout Tower
11:06 Scout Tower
11:08 Guard Tower
11:10 Scout Tower
11:16 Town Hall
11:45 Arcane Tower
12:42 Guard Tower
12:43 Scout Tower
12:43 Scout Tower
13:17 Guard Tower
13:18 Scout Tower
13:22 Guard Tower
13:25 Scout Tower
13:27 Scout Tower
13:28 Scout Tower
14:24 Guard Tower
14:28 Scout Tower
14:39 Guard Tower
14:41 Scout Tower
14:44 Scout Tower
14:46 Scout Tower
14:48 Arcane Vault
15:32 Guard Tower
15:37 Scout Tower
15:38 Scout Tower
16:00 Scout Tower
16:25 Arcane Tower
16:41 Guard Tower
16:44 Scout Tower
16:47 Scout Tower
16:50 Scout Tower
16:51 Scout Tower
16:53 Guard Tower
16:55 Scout Tower
16:56 Scout Tower
16:56 Scout Tower
16:57 Scout Tower
17:22 Scout Tower
18:47 Guard Tower
18:49 Scout Tower
18:50 Scout Tower
18:56 Arcane Tower
18:57 Guard Tower
19:00 Scout Tower
19:01 Scout Tower
19:39 Guard Tower
20:21 Guard Tower
20:22 Scout Tower
20:24 Scout Tower
20:35 Guard Tower
20:36 Guard Tower
20:40 Scout Tower
20:43 Keep
21:12 Arcane Tower
21:44 Altar of Kings
27:04 Castle
35:00 Scout Tower
36:54 Guard Tower
36:58 Scout Tower
36:59 Scout Tower
37:36 Guard Tower
45:24 Arcane Tower
45:24 Arcane Tower
45:24 Arcane Tower
» items
| Boots of Speed | 3 | |
| Staff of Teleportation | 3 | |
| Staff of Sanctuary | 3 | |
| Orb of Lightning | 3 | |
| Healing Salve | 2 | |
| Scroll of Town Portal | 2 | |
| Circlet of Nobility | 2 | |
| Periapt of Vitality | 2 | |
| Lesser Clarity Potion | 1 | |
| Scroll of Regeneration | 1 | |
22 total
MgW]BOT (
orange | 140 APM | 7011 actions | 50:02)
6 Blademaster
3 Wind Walk
2 Critical Strike
1 Bladestorm
6 Tauren Chieftain
3 Shockwave
2 Endurance Aura
1 Reincarnation
» actions
| Assign group hotkey | 20 | |
| Basic commands | 31 | |
| Build / train | 108 | |
| Enter build submenu | 81 | |
| Enter hero's abilities submenu | 12 | |
| Give item / drop item | 6 | |
| Remove unit from queue | 10 | |
| Right click | 4967 | |
| Select / deselect | 748 | |
| Select group hotkey | 422 | |
| Use ability | 604 | |
7011 total
» units
» upgrades
| Ranged Weapons | 3 | |
| Liquid Fire | 1 | |
| Armor | 3 | |
| Envenomed Spears | 1 | |
8 total
» buildings
| Altar of Storms | 1 | |
| Orc Burrow | 7 | |
| War Mill | 1 | |
| Voodoo Lounge | 5 | |
| Watch Tower | 80 | |
| Stronghold | 3 | |
| Fortress | 1 | |
| Great Hall | 1 | |
| Beastiary | 3 | |
102 total
» build order
00:09 Altar of Storms
00:20 Orc Burrow
00:37 War Mill
01:35 Voodoo Lounge
01:57 Watch Tower
02:23 Watch Tower
02:55 Watch Tower
03:08 Watch Tower
03:31 Watch Tower
04:00 Watch Tower
04:14 Watch Tower
04:49 Stronghold
04:50 Stronghold
05:04 Watch Tower
05:15 Watch Tower
05:49 Orc Burrow
06:12 Watch Tower
06:47 Orc Burrow
06:50 Watch Tower
07:44 Watch Tower
07:51 Fortress
07:57 Voodoo Lounge
07:59 Voodoo Lounge
08:17 Watch Tower
09:04 Great Hall
09:26 Watch Tower
10:01 Beastiary
11:00 Watch Tower
11:11 Beastiary
11:34 Orc Burrow
12:31 Watch Tower
14:00 Watch Tower
14:01 Watch Tower
14:40 Watch Tower
14:40 Watch Tower
14:41 Watch Tower
15:56 Watch Tower
18:32 Watch Tower
18:32 Watch Tower
18:33 Watch Tower
18:33 Watch Tower
18:35 Watch Tower
18:36 Watch Tower
18:36 Watch Tower
18:45 Beastiary
18:55 Watch Tower
18:55 Watch Tower
18:55 Watch Tower
18:56 Watch Tower
18:57 Watch Tower
18:57 Watch Tower
19:01 Watch Tower
19:02 Watch Tower
21:17 Watch Tower
21:18 Watch Tower
21:18 Watch Tower
21:19 Watch Tower
21:20 Watch Tower
21:21 Watch Tower
21:22 Watch Tower
21:23 Watch Tower
22:25 Watch Tower
22:26 Watch Tower
22:31 Watch Tower
23:13 Watch Tower
24:15 Watch Tower
24:24 Watch Tower
24:24 Watch Tower
24:36 Watch Tower
24:36 Watch Tower
24:37 Watch Tower
24:37 Watch Tower
24:38 Watch Tower
24:38 Watch Tower
24:55 Watch Tower
24:55 Watch Tower
26:00 Watch Tower
26:00 Watch Tower
26:36 Watch Tower
27:11 Watch Tower
29:44 Watch Tower
29:45 Watch Tower
31:01 Watch Tower
31:02 Watch Tower
31:03 Watch Tower
31:03 Watch Tower
32:40 Watch Tower
32:41 Watch Tower
32:42 Watch Tower
32:55 Watch Tower
34:55 Watch Tower
34:55 Watch Tower
34:56 Watch Tower
34:56 Watch Tower
34:57 Watch Tower
36:39 Watch Tower
42:29 Voodoo Lounge
42:30 Voodoo Lounge
45:28 Orc Burrow
45:30 Orc Burrow
45:32 Orc Burrow
» items
| Healing Salve | 8 | |
| Lesser Clarity Potion | 11 | |
| Boots of Speed | 2 | |
| Staff of Teleportation | 2 | |
| Potion of Lesser Invulnerability | 1 | |
| Orb of Lightning | 2 | |
| Staff of Sanctuary | 1 | |
27 total
towerer (
green | 104 APM | 5211 actions | 50:02)
8 Warden
3 Shadow Strike
3 Blink
1 Spirit of Vengeance
1 Fan of Knives
» actions
| Assign group hotkey | 231 | |
| Basic commands | 104 | |
| Build / train | 88 | |
| ESC pressed | 3 | |
| Enter build submenu | 39 | |
| Enter hero's abilities submenu | 8 | |
| Give item / drop item | 7 | |
| Remove unit from queue | 1 | |
| Right click | 3332 | |
| Select / deselect | 719 | |
| Select group hotkey | 303 | |
| Use ability | 372 | |
5211 total
» units
| Wisp | 31 | |
| Hippogryph | 3 | |
| Chimaera | 7 | |
41 total
» upgrades
| Well Spring | 1 | |
| Reinforced Hides | 3 | |
| Strength of the Wild | 3 | |
| Nature's Blessing | 1 | |
| Ultravision | 1 | |
| Druid of the Talon Training | 2 | |
| Corrosive Breath | 1 | |
12 total
» buildings
| Altar of Elders | 1 | |
| Moon Well | 19 | |
| Ancient of Wonders | 1 | |
| Tree of Life | 2 | |
| Tree of Ages | 2 | |
| Tree of Eternity | 2 | |
| Hunter's Hall | 1 | |
| Ancient of Wind | 2 | |
| Chimaera Roost | 4 | |
34 total
» build order
00:05 Altar of Elders
00:18 Moon Well
03:22 Moon Well
04:17 Ancient of Wonders
04:55 Tree of Life
06:26 Tree of Ages
06:27 Tree of Ages
09:05 Moon Well
09:05 Moon Well
10:03 Tree of Eternity
10:03 Tree of Eternity
10:04 Hunter's Hall
15:44 Ancient of Wind
15:45 Ancient of Wind
24:40 Moon Well
24:41 Moon Well
24:42 Moon Well
24:44 Moon Well
24:45 Moon Well
27:06 Moon Well
27:07 Moon Well
27:07 Moon Well
34:36 Moon Well
34:56 Moon Well
34:56 Moon Well
34:58 Moon Well
34:59 Moon Well
35:01 Moon Well
35:32 Moon Well
41:42 Tree of Life
42:47 Chimaera Roost
42:48 Chimaera Roost
42:49 Chimaera Roost
42:50 Chimaera Roost
» items
| Staff of Teleportation | 1 | |
| Boots of Speed | 1 | |
| Healing Salve | 3 | |
| Orb of Lightning | 1 | |
| Scroll of Town Portal | 1 | |
| Periapt of Vitality | 1 | |
8 total
team 2 (loser)
karl1 (
red | 90 APM | 3668 actions | 40:51)
3 Beastmaster
2 Summon Quilbeast
1 Summon Hawk
2 Firelord
1 Summon Lava Spawn
1 Soul Burn
» actions
| Assign group hotkey | 41 | |
| Basic commands | 37 | |
| Build / train | 155 | |
| ESC pressed | 8 | |
| Enter build submenu | 71 | |
| Enter hero's abilities submenu | 5 | |
| Remove unit from queue | 10 | |
| Right click | 1651 | |
| Select / deselect | 520 | |
| Select group hotkey | 1039 | |
| Use ability | 131 | |
3668 total
» units
| Wisp | 89 | |
| Huntress | 9 | |
| Chimaera | 22 | |
| Glaive Thrower | 3 | |
123 total
» upgrades
| Strength of the Moon | 1 | |
| Strength of the Wild | 3 | |
| Reinforced Hides | 3 | |
| Nature's Blessing | 1 | |
| Corrosive Breath | 1 | |
| Ultravision | 1 | |
10 total
» buildings
| Moon Well | 8 | |
| Altar of Elders | 1 | |
| Hunter's Hall | 1 | |
| Ancient of War | 22 | |
| Tree of Ages | 3 | |
| Tree of Life | 3 | |
| Tree of Eternity | 1 | |
| Ancient of Wind | 2 | |
| Chimaera Roost | 3 | |
| Ancient Protector | 23 | |
67 total
» build order
00:09 Moon Well
01:42 Altar of Elders
01:45 Hunter's Hall
01:48 Ancient of War
01:54 Moon Well
02:32 Ancient of War
03:56 Moon Well
05:44 Tree of Ages
05:45 Tree of Ages
05:45 Tree of Ages
06:04 Moon Well
06:31 Tree of Life
07:20 Moon Well
08:17 Tree of Eternity
09:13 Moon Well
09:55 Tree of Life
10:07 Ancient of Wind
11:17 Chimaera Roost
11:29 Chimaera Roost
11:30 Chimaera Roost
11:34 Moon Well
11:35 Moon Well
26:19 Ancient Protector
26:21 Ancient Protector
26:22 Ancient Protector
26:24 Ancient Protector
26:27 Ancient Protector
26:31 Ancient Protector
26:34 Ancient Protector
26:38 Ancient Protector
26:42 Ancient Protector
27:18 Ancient Protector
27:18 Ancient Protector
27:19 Ancient Protector
28:27 Ancient Protector
28:27 Ancient Protector
28:28 Ancient Protector
28:31 Ancient Protector
28:48 Ancient Protector
28:51 Ancient Protector
28:54 Ancient Protector
28:55 Ancient Protector
29:00 Ancient Protector
29:02 Ancient Protector
29:04 Ancient of War
29:05 Ancient of War
29:06 Ancient of War
29:07 Ancient of War
29:09 Ancient of War
29:13 Ancient Protector
29:27 Ancient of War
29:28 Ancient of War
30:21 Ancient of War
30:22 Ancient of War
30:24 Ancient of War
30:28 Ancient of War
32:24 Ancient of War
32:26 Ancient of Wind
32:29 Ancient of War
32:36 Ancient of War
32:37 Ancient of War
32:44 Ancient of War
32:46 Ancient of War
32:47 Ancient of War
33:50 Ancient of War
33:51 Ancient of War
35:30 Tree of Life
» items

»
smurf_korni (
blue | 136 APM | 6822 actions | 50:02)
4 Blademaster
2 Wind Walk
2 Critical Strike
3 Shadow Hunter
2 Hex
1 Healing Wave
2 Tauren Chieftain
1 Endurance Aura
1 War Stomp
» actions
| Assign group hotkey | 107 | |
| Basic commands | 217 | |
| Build / train | 118 | |
| ESC pressed | 21 | |
| Enter build submenu | 66 | |
| Enter hero's abilities submenu | 9 | |
| Give item / drop item | 3 | |
| Right click | 2408 | |
| Select / deselect | 1070 | |
| Select group hotkey | 2554 | |
| Use ability | 249 | |
6822 total
» units
| Peon | 32 | |
| Grunt | 4 | |
| Shaman | 6 | |
| Demolisher | 12 | |
| Tauren | 7 | |
| Troll Witch Doctor | 10 | |
71 total
» upgrades
| Berserker Strength | 1 | |
| Shaman Training | 2 | |
| Armor | 4 | |
| Melee Weapons | 3 | |
| Pulverize | 1 | |
| Burning Oil | 1 | |
| Witch Doctor Training | 2 | |
| Reinforced Defenses | 1 | |
| Spiked Barricades | 2 | |
| Ranged Weapons | 1 | |
18 total
» buildings
| Altar of Storms | 1 | |
| Orc Burrow | 8 | |
| Barracks | 1 | |
| Voodoo Lounge | 3 | |
| War Mill | 1 | |
| Watch Tower | 32 | |
| Stronghold | 1 | |
| Great Hall | 4 | |
| Fortress | 1 | |
| Spirit Lodge | 1 | |
| Tauren Totem | 2 | |
| Beastiary | 1 | |
56 total
» build order
00:08 Altar of Storms
00:21 Orc Burrow
00:39 Barracks
01:40 Orc Burrow
01:55 Voodoo Lounge
02:44 War Mill
03:53 Voodoo Lounge
04:00 Watch Tower
04:02 Watch Tower
04:28 Voodoo Lounge
04:50 Stronghold
05:12 Watch Tower
05:24 Orc Burrow
06:57 Watch Tower
08:10 Great Hall
09:15 Fortress
11:07 Spirit Lodge
11:09 Orc Burrow
11:45 Tauren Totem
11:49 Tauren Totem
12:58 Orc Burrow
13:40 Orc Burrow
14:14 Orc Burrow
17:06 Great Hall
20:48 Beastiary
31:06 Watch Tower
31:07 Watch Tower
32:00 Watch Tower
40:36 Watch Tower
40:38 Watch Tower
40:39 Watch Tower
40:40 Watch Tower
40:42 Watch Tower
40:43 Watch Tower
40:44 Watch Tower
40:53 Watch Tower
40:54 Watch Tower
40:57 Watch Tower
40:58 Watch Tower
40:59 Watch Tower
41:02 Watch Tower
41:02 Watch Tower
46:05 Watch Tower
46:16 Watch Tower
46:18 Watch Tower
46:18 Watch Tower
46:19 Watch Tower
46:20 Watch Tower
46:22 Watch Tower
46:23 Watch Tower
46:33 Watch Tower
46:41 Watch Tower
46:48 Watch Tower
47:32 Great Hall
48:43 Orc Burrow
49:00 Great Hall
» items
| Healing Salve | 4 | |
| Lesser Clarity Potion | 3 | |
| Boots of Speed | 1 | |
| Scroll of Speed | 2 | |
| Orb of Lightning | 1 | |
| Potion of Lesser Invulnerability | 1 | |
| Scroll of Town Portal | 1 | |
13 total
teh_klaus (
purple | 72 APM | 3612 actions | 50:02)
4 Demon Hunter
2 Mana Burn
2 Evasion
4 Firelord
2 Summon Lava Spawn
1 Incinerate
1 Soul Burn
2 Beastmaster
1 Summon Quilbeast
1 Summon Hawk
» actions
| Assign group hotkey | 121 | |
| Basic commands | 287 | |
| Build / train | 89 | |
| ESC pressed | 5 | |
| Enter build submenu | 39 | |
| Enter hero's abilities submenu | 11 | |
| Right click | 1292 | |
| Select / deselect | 652 | |
| Select group hotkey | 990 | |
| Use ability | 125 | |
3612 total
» units
| Wisp | 29 | |
| Archer | 2 | |
| Mud Golem | 1 | |
| Chimaera | 10 | |
| Hippogryph | 3 | |
| Mountain Giant | 3 | |
48 total
» upgrades
| Ultravision | 1 | |
| Reinforced Hides | 3 | |
| Strength of the Wild | 3 | |
| Well Spring | 1 | |
| Corrosive Breath | 1 | |
| Nature's Blessing | 1 | |
| Moon Armor | 1 | |
| Hardened Skin | 1 | |
| Resistant Skin | 1 | |
13 total
» buildings
| Altar of Elders | 1 | |
| Moon Well | 10 | |
| Ancient of War | 2 | |
| Tree of Ages | 1 | |
| Hunter's Hall | 1 | |
| Tree of Life | 3 | |
| Ancient of Wind | 1 | |
| Tree of Eternity | 1 | |
| Ancient of Wonders | 1 | |
| Chimaera Roost | 2 | |
| Ancient of Lore | 3 | |
| Ancient Protector | 9 | |
35 total
» build order
00:07 Altar of Elders
00:13 Moon Well
00:53 Ancient of War
02:53 Moon Well
03:01 Ancient of War
03:42 Moon Well
04:49 Tree of Ages
04:52 Hunter's Hall
04:58 Moon Well
05:35 Tree of Life
06:06 Tree of Life
07:07 Tree of Life
07:23 Ancient of Wind
09:14 Tree of Eternity
09:20 Ancient of Wonders
10:38 Moon Well
12:51 Chimaera Roost
12:56 Chimaera Roost
13:51 Ancient of Lore
15:42 Moon Well
15:43 Moon Well
17:44 Moon Well
17:48 Moon Well
26:57 Ancient of Lore
26:59 Moon Well
29:25 Ancient of Lore
45:24 Ancient Protector
45:27 Ancient Protector
45:30 Ancient Protector
45:32 Ancient Protector
45:34 Ancient Protector
45:35 Ancient Protector
45:37 Ancient Protector
45:43 Ancient Protector
45:52 Ancient Protector
» items
| Dust of Appearance | 1 | |
| Scroll of Town Portal | 4 | |
| Potion of Healing | 2 | |
| Scroll of Healing | 3 | |
| Scroll of Protection | 1 | |
| Orb of Venom | 2 | |
13 total
Chat log
(00:01 / All) chief_clausely: hey yall
(02:44 / All) towerer: hey guys! - it's us again :)
(04:02 / All) towerer: maybe cut your losses at this point?
(04:13 / All) teh_klaus: dude if i were retarded like you
(04:18 / All) teh_klaus: i would pull the same shit
(04:19 / All) teh_klaus: :D
(04:25 / All) MgW]BOT: would you win...?
(04:25 / All) chief_clausely: you would lose every game
(04:26 / All) chief_clausely: like now
(04:32 / All) teh_klaus: k
(18:01 / All) chief_clausely: good trade noobs
(19:23 / All) MgW]BOT: pizza guy forgot napkins
(21:53 / All) chief_clausely: another fine trade
(22:02 / All) chief_clausely: courtesy of mega genius karl1
(22:14 / All) MgW]BOT: sorry doorbell
(22:15 / All) chief_clausely: why lose all chims?
(22:15 / All) MgW]BOT: pizza again
(22:20 / All) MgW]BOT: he keeps forgetting stuff
(22:24 / All) chief_clausely: Maybe you're bad players?
(22:38 / All) MgW]BOT: where are you going?
(34:07 / All) chief_clausely: red noob
(35:13 / All) chief_clausely: red
(35:14 / All) chief_clausely: Noob?=
(38:58 / All) MgW]BOT: bye
(39:57 / All) MgW]BOT: do you guys like to lsoe?
(39:59 / All) MgW]BOT: try not to be rude
(40:07 / All) chief_clausely: I think letting red take 3 mines and waste it all on noob units because he's stupid
(40:10 / All) chief_clausely: That was not good
(41:46 / All) chief_clausely: I have 15000 gold
(43:07 / All) chief_clausely: did you know
(43:12 / All) chief_clausely: that towers are very easy to kill?
(43:16 / All) chief_clausely: they don't move
(45:04 / All) towerer: watcha doin in there
(45:15 / All) towerer: come out coward's
(46:59 / All) MgW]BOT: i see you have seen the tower light
(47:01 / All) chief_clausely: towers are bad...
(47:04 / All) chief_clausely: stop making them
(48:14 / All) MgW]BOT: lol
(48:17 / All) MgW]BOT: are you guys mad
(49:09 / All) MgW]BOT: gg
(49:16 / All) chief_clausely: 3-0
(49:18 / All) MgW]BOT: replays at https://highper.ch/ and youtube.com/highperch
(49:59 / All) MgW]BOT: bye